 Dungeon Crawl Stone Soup version 0.18.1-50-g88ac8fd (webtiles) character file.

127 Gargoyl the Skirmisher (level 4, 0/55 HPs)
             Began as a Demonspawn Abyssal Knight on Oct 1, 2016.
             Was a Priest of Lugonu.
             Succumbed to kobold's curare-tipped needle
             ... on level 3 of the Dungeon.
             The game lasted 00:04:21 (2523 turns).

Gargoyl the Skirmisher (Demonspawn Abyssal Knight)  Turns: 2523, Time: 00:04:21

Health: 0/55       AC: 22    Str: 11 (13) XL:     4   Next: 85%
Magic:  6/6        EV:  2    Int: 16 (18) God:    Lugonu [***...]
Gold:   175        SH:  0    Dex: 12 (13) Spells: 0 memorised, 3 levels left

rFire  + . .     SeeInvis .     a - +1 hand axe
rCold  + . .     Gourm    .     (armour currently unavailable)
rNeg   + + +     Faith    .     (no shield)
rPois  +         Spirit   .     (helmet currently unavailable)
rElec  +         Dismiss  .     (cloak currently unavailable)
rCorr  +         Reflect  .     (gloves currently unavailable)
SustAt .         Harm     .     (boots currently unavailable)
MR     .....     NoTele   +     e - amulet of rage
Stlth  +.........               (no ring)
                                (no ring)

@: brilliant, lethally poisoned (0 -> -10), tree-form, resistant, very slightly
contaminated, hasted and slowed, not resistant to hostile enchantments, very
unstealthy
A: (horns 0)
a: Depart the Abyss, Bend Space, Banish, Renounce Religion, Evoke Berserk Rage


You were on level 3 of the Dungeon.
You worshipped Lugonu.
Lugonu was most pleased with you.
You were hungry.
You were a tree.
You visited 1 branch of the dungeon, and saw 3 of its levels.
You visited the Abyss 1 time.

You collected 175 gold pieces.

Inventory:

Hand Weapons
 a - a +1 hand axe (weapon)
Missiles
 i - 5 tomahawks (quivered)
Armour
 r - a +0 plate armour (melded)
Jewellery
 e - an amulet of rage (around neck)
Scrolls
 b - a scroll of recharging {unknown}
 g - 2 scrolls of noise {unknown}
 j - a scroll of blinking {unknown}
 p - 6 scrolls of identify {unknown}
 q - a scroll of remove curse {unknown}
Potions
 f - a potion of lignification
Comestibles
 c - 4 bread rations
 h - 2 beef jerkies
 m - a meat ration


   Skills:
 + Level 4.2 Fighting
 + Level 2.4 Axes
 * Level 2.5 Armour
 + Level 1.6 Dodging
 * Level 3.1 Invocations


You had 3 spell levels left.
You didn't know any spells.

Dungeon Overview and Level Annotations

Branches:
Dungeon (3/15)

Altars:
Ru


Innate Abilities, Weirdness & Mutations

((You have a pair of small horns on your head.))


Message History

Drink which item? (? for menu, Esc to quit)
It was a potion of haste.
You feel yourself speed up.
* * * LOW HITPOINT WARNING * * *
You feel sick.
The orc shouts!
The kobold hits you but does no damage. The orc hits you but does no damage.
You are very lightly contaminated with residual magic.
An orc priest comes into view. It is wielding a flail.
Drink which item? (? for menu, Esc to quit)
It was a potion of degeneration.
There was something very wrong with that liquid.
You feel weakened.
You feel dopey.
You feel clumsy.
* * * LOW HITPOINT WARNING * * *
You feel sick.
The orc priest shouts!
The kobold hits you but does no damage. The orc hits you but does no damage.
Drink which item? (? for menu, Esc to quit)
It was a potion of resistance.
You feel protected.
You die...

#.... .# #.#.. .# ....
#... .# ...... #..# .#
...... #..# .#
......####..## .#
.......#.....##.####..
.>.......(oo(o♣K......
.<..........o.....##..
........o......##.....
................# .#..
........(......... ...
......................
....>............... .
#...................
...<
##.............#..#
.....


You could see an orc priest, 4 orcs and a kobold.

Vanquished Creatures
  Robin (D:2)
  An adder (D:3)
  An ooze (D:2)
  2 worms (D:3)
  5 dart slugs
  3 giant geckos
  3 orcs (D:3)
  3 giant cockroaches
  10 hobgoblins
  6 jackals
  7 kobolds
  7 bats
  5 giant newts
  15 goblins
  7 rats
76 creatures vanquished.

Vanquished Creatures (others)
  4 toadstools (D:1)
4 creatures vanquished.

Grand Total: 80 creatures vanquished

Notes
Turn   | Place    | Note
--------------------------------------------------------------
     0 | Abyss:1  | Gargoyl the Demonspawn Abyssal Knight began the quest for the Orb.
     0 | Abyss:1  | Reached XP level 1. HP: 18/18 MP: 2/2
    20 | Abyss:1  | Found an iron altar of Okawaru.
    52 | Abyss:1  | Noticed a small abomination
    74 | Abyss:1  | Noticed a small abomination
    85 | D:1      | Escaped the Abyss
   291 | D:1      | Reached * piety under Lugonu
   296 | D:1      | Gained mutation: You have a pair of small horns on your head. [demonic ancestry]
   296 | D:1      | Reached XP level 2. HP: 22/24 MP: 3/3
   338 | D:1      | Reached skill level 1 in Dodging
   516 | D:1      | Reached XP level 3. HP: 27/30 MP: 5/5
  1004 | D:2      | Reached ** piety under Lugonu
  1158 | D:2      | Found a sacrificial altar of Ru.
  1326 | D:2      | Reached skill level 4 in Fighting
  1572 | D:2      | Reached XP level 4. HP: 37/37 MP: 6/6
  1860 | D:2      | Noticed Robin
  1879 | D:2      | Killed Robin
  2204 | D:3      | Reached *** piety under Lugonu
  2521 | D:3      | HP: 1/55 [poisoned by kobold (curare-tipped needle)]
  2523 | D:3      | Succumbed to kobold's curare-tipped needle

Skill      XL: |  1  2  3  4 |
---------------+-------------+-----
Dodging        | 1 |  1.6
Axes           | 2 |  2.4
Fighting       | 4 |  4.2
Armour         | 2 |  2.5
Invocations    | 3 |  3.1

Action                   |  1- 3 |  4- 6 || total
-------------------------+-------+-------++-------
Melee: Hand axe          |   118 |    67 ||   185
       Headbutt          |    11 |    13 ||    24
Invok: Depart the Abyss  |     1 |       ||     1
  Use: Potion            |       |     6 ||     6
  Eat: Chunk             |     2 |     3 ||     5
Armor: Leather armour    |    37 |       ||    37
       Scale mail        |    16 |     1 ||    17
       Plate armour      |       |    85 ||    85
       Skin              |       |     7 ||     7
Dodge: Dodged            |    70 |    18 ||    88
